 Dungeon Crawl Stone Soup version 0.20.1-1-g8b1a95d (webtiles) character file.

130 Firecrotchwizard the Ruffian (level 4, -5/44 HPs)
             Began as a Troll Monk on Nov 10, 2017.
             Was a Believer of Okawaru.
             Slain by Crazy Yiuf
             ... wielding a +2 quarterstaff of chaos
              (19 damage)
             ... on level 2 of the Dungeon.
             The game lasted 00:06:21 (1663 turns).

Firecrotchwizard the Ruffian (Troll Monk)           Turns: 1663, Time: 00:06:22

Health: -5/44      AC:  5    Str: 19    XL:     4   Next: 90%
Magic:  3/3        EV: 10    Int:  6    God:    Okawaru [**....]
Gold:   190        SH:  0    Dex: 13    Spells: 3/3 levels left

rFire    . . .     SeeInvis .     - Unarmed
rCold    . . .     Gourm    +   (no shield)
rNeg     . . .     Faith    .   a - +0 robe
rPois    .         Spirit   .   (helmet restricted)
rElec    .         Reflect  .   (no cloak)
rCorr    .         Harm     .   (gloves unavailable)
MR       .....                  (boots unavailable)
Stlth    ++........             (no amulet)
Regen    0.6/turn               (no ring)
MPRegen  0.1/turn               d - ring of wizardry {Wiz+, !d}

@: lethally poisoned (-5 -> -8), slowed, very slow
A: unfitting armour, claws 3, fast metabolism 3, gourmand, regeneration 1,
shaggy fur 1, tough skin 2
a: Heroism, Renounce Religion


You were on level 2 of the Dungeon.
You worshipped Okawaru.
Okawaru was pleased with you.
You were very full.

You visited 1 branch of the dungeon, and saw 2 of its levels.

You collected 190 gold pieces.

Inventory:

Hand Weapons
 m - a +0 fustibalus
   (You found it on level 2 of the Dungeon)
Armour
 a - a +0 robe (worn)
Jewellery
 d - a ring of wizardry (right claw) {Wiz+, !d}
   (You found it on level 1 of the Dungeon)
Scrolls
 e - a scroll of blinking {unknown}
 h - 2 scrolls of noise {unknown}
Potions
 c - a potion of cancellation {unknown}
 f - 4 potions of haste
 j - a potion of magic {unknown}
Comestibles
 b - 2 bread rations {@e1}
 i - 3 fruits
 l - a meat ration {@e2}
 n - a royal jelly


   Skills:
 - Level 2.4 Fighting
 - Level 2.4 Dodging
 - Level 1.0 Stealth
 + Level 5.6 Unarmed Combat


You had 3 spell levels left.
You didn't know any spells.

Dungeon Overview and Level Annotations

Branches:
Dungeon (2/15)

Altars:
Okawaru
Yredelemnul
The Shining One

Annotations:
D:2 Crazy Yiuf


Innate Abilities, Weirdness & Mutations

You are too large for most types of armour.
You have claws for hands.
Your metabolism is lightning-fast.
You like to eat raw meat.
Your natural rate of healing is unusually fast.
You are covered in fur. (AC +1)
You have very tough skin. (AC +2)


Message History

You drop a wand of random effects (?/48).
You drop a dagger of venom.
Some of the chunks of flesh in your inventory have rotted away.
There is a stone staircase leading down here.
There is an open door here.
There is an open door here.
Eating one of 6 chunks of flesh {@w0}.
You eat one of the 6 chunks of flesh {@w0}.
This raw flesh tastes great.
You see here a club.
A rat comes into view.
You claw the rat!
You kill the rat!
No target in view!
You see here 20 stones.
There is a stone staircase leading up here.
Some of the chunks of flesh in your inventory have rotted away.
Eating one of 3 chunks of flesh {@w0}.
You eat one of the 3 chunks of flesh {@w0}.
This raw flesh tastes great.
Found an iron altar of Okawaru.
You now have 175 gold pieces (gained 12).
All of the chunks of flesh in your inventory have rotted away.
h - 2 scrolls labeled RIFEKA GO QEF (gained 1)
A hobgoblin comes into view.
Found 6 stones.
Found a stone staircase leading down.
There is an iron altar of Okawaru here.
You kneel at the altar of Okawaru.
Okawaru welcomes you!
You can now gain great but temporary skills.
There is an iron altar of Okawaru here.
The hobgoblin is too close now for your liking.
The hobgoblin shouts!
The hobgoblin hits you.
You take 3 damage, and have 41/44 hp.
You scratch the hobgoblin. The hobgoblin closely misses you.
You claw the hobgoblin!
You kill the hobgoblin!
Okawaru accepts your kill.
No target in view!
You now have 190 gold pieces (gained 15).
A rat comes into view.
The rat twitches its whiskers.
The rat moves out of view.
Health restored: 44 The rat completely misses you.
The rat is too close now for your liking.
You claw the rat!
You kill the rat!
Okawaru accepts your kill.
No target in view!
You butcher the rat corpse.
g - a chunk of flesh {@w0} Eating a chunk of flesh {@w0}.
You eat the chunk of flesh {@w0}.
This raw flesh tastes great.
A rat comes into view.
The rat closely misses you.
You mangle the rat!!
You kill the rat!
Okawaru accepts your kill.
No target in view!
A bat comes into view.
The bat barely misses you.
You scratch the bat.
You kill the bat!
Okawaru accepts your kill.
No target in view!
You butcher the bat corpse.
g - a chunk of flesh {@w0} You see here a bat skeleton. x2
You see here a bat skeleton.
Eating a chunk of flesh {@w0}.
You eat the chunk of flesh {@w0}.
This raw flesh tastes great.
No target in view!
You open the door.
Crazy Yiuf the Enlightened comes into view.
He is wielding a quarterstaff of chaos.
Crazy Yiuf shouts!
Crazy Yiuf grits, "Orb return to song arga!"
Crazy Yiuf drinks a potion.
Crazy Yiuf seems to speed up.
There is an open door here.
Crazy Yiuf misses you.
You barely miss Crazy Yiuf.
Crazy Yiuf hits you with a quarterstaff of chaos.
Crazy Yiuf burns you.
You take 7 damage, and have 37/44 hp.
You barely miss Crazy Yiuf.
Crazy Yiuf hits you with a quarterstaff of chaos.
You feel yourself slow down.
You take 5 damage, and have 32/44 hp.
Crazy Yiuf hits you with a quarterstaff of chaos!
You are poisoned.
Crazy Yiuf says, "Island canine broken!"
Crazy Yiuf closely misses you.
You take 9 damage, and have 23/44 hp.
MASSIVE DAMAGE!!
You scratch Crazy Yiuf.
You feel sick.
Crazy Yiuf hits you with a quarterstaff of chaos!
You are electrocuted!
You die...

♣....♣
#.......#.##.
♣♣...♣
####.[...(... ♣♣.♣♣
#............ ♣♣.♣
###..######## ♣.♣♣
#............ ♣♣.♣
#.##.####.### ♣.♣♣
#.##.# #.# ##'##
#.##.# #.# #..@#
#.##.# #.# #.g.#
#.##.# #.# #)..#
#..#.####.# # #####
##.#.#....# #
#.......## #
############..)...#
#
#.##.#............#
#
#.##..............#
#
#.#####.#####.....#
#


You could see Crazy Yiuf.

Vanquished Creatures
  Jessica (D:2)
  Terence (D:2)
  Robin (D:2)
  An adder (D:2)
  2 oozes (D:1)
  2 worms (D:2)
  A dart slug (D:1)
  2 leopard geckos
  4 bats
  2 giant cockroaches (D:1)
  7 goblins
  4 hobgoblins
  2 jackals (D:1)
  5 frilled lizards
  10 rats
45 creatures vanquished.

Notes
Turn   | Place    | Note
-------+----------+-------------------------------------------
     0 | D:1      | Firecrotchwizard the Troll Monk began the quest for the Orb.
     0 | D:1      | Reached XP level 1. HP: 22/22 MP: 0/0
    57 | D:1      | Reached XP level 2. HP: 29/29 MP: 1/1
   246 | D:1      | Reached skill level 4 in Unarmed Combat
   371 | D:1      | Reached XP level 3. HP: 36/36 MP: 2/2
   817 | D:2      | Found a basalt altar of Yredelemnul.
   829 | D:2      | Noticed Terence
   835 | D:2      | Killed Terence
   835 | D:2      | Reached XP level 4. HP: 40/44 MP: 3/3
   863 | D:2      | Noticed Jessica
   868 | D:2      | Found a glowing golden altar of the Shining One.
   870 | D:2      | Killed Jessica
   870 | D:2      | Reached skill level 5 in Unarmed Combat
  1103 | D:2      | Noticed Robin
  1112 | D:2      | Killed Robin
  1282 | D:2      | Found a runed door.
  1318 | D:2      | Found an iron altar of Okawaru.
  1393 | D:2      | Became a worshipper of Warmaster Okawaru
  1393 | D:2      | Reached * piety under Okawaru
  1393 | D:2      | Reached ** piety under Okawaru
  1657 | D:2      | Noticed Crazy Yiuf
  1663 | D:2      | Slain by Crazy Yiuf

Skill      XL: |  1  2  3  4 |
---------------+-------------+-----
Unarmed Combat | 4 5 |  5.6
Fighting       | |  2.4
Dodging        | |  2.4
Stealth        | |  1.0

Action                   |  1- 3 |  4- 6 || total
-------------------------+-------+-------++-------
Melee: Unarmed           |    67 |    29 ||    96
  Use: Scroll            |     2 |       ||     2
 Stab: Distracted        |     1 |       ||     1
       Sleeping          |     4 |       ||     4
  Eat: Chunk             |    13 |     7 ||    20
Armor: Robe              |    21 |     2 ||    23
Dodge: Dodged            |    30 |    12 ||    42

Vault maps used:
D:1:      minmay_arrival_four_houses, serial_co_window_serial,
          co_window_corner_a, co_window_paths_b, co_window_corner_a,
          co_window_paths_a, co_window_corner_a, co_window_cross_2,
          co_window_corner_b, co_window_paths_c, co_window_paths_e,
          co_window_4corner_b, glass_columns_b, glass_columns_a,
          glass_columns_b, glass_columns_a, minmay_misc_feat_doors
D:2:      nicolae_overflow_crystal_walls, old_standard_altar,
          yredelemnul_altar_generic, roderic_roman_lattice, hex_medium,
          uniq_jessica, uniq_robin, uniq_crazy_yiuf_cottage, uniq_terence

Table legend:
 A = Turns spent in this place as a percentage of turns spent in the entire game.
 B = Non-inter-level travel turns spent in this place as a percentage of non-inter-level travel turns spent in the entire game.
 C = Inter-level travel turns spent in this place as a percentage of turns spent in this place.
 D = Turns resting spent in this place as a percentage of non-inter-level travel turns spent in this place.
 E = Turns spent auto-exploring this place as a percentage of non-inter-level travel turns spent in this place.
 F = Non-inter-level travel turns spent in this place divided by the number of levels of this place that you've seen.
                   A       B       C       D       E      F
               +-------+-------+-------+-------+-------+----------------------
         Total | 100.0 | 100.0 |   0.4 |   4.3 |  14.6 | 223.0
       Dungeon | 100.0 | 100.0 |   0.4 |   4.3 |  14.6 | 223.0
               +-------+-------+-------+-------+-------+----------------------

Table legend:
 A = Kills in this place as a percentage of kills in entire the game.
 B = Kills by you in this place as a percentage of kills by you in the entire game.
 C = Kills by friends in this place as a percentage of kills by friends in the entire game.
 D = Other kills in this place as a percentage of other kills in the entire game.
 E = Experience gained in this place as a percentage of experience gained in the entire game.
 F = Experience gained in this place divided by the number of levels of this place that you have seen.
                   A       B       C       D       E      F
               +-------+-------+-------+-------+-------+----------------------
         Total | 100.0 | 100.0 |  -nan |  -nan | 100.0 |  93.5
       Dungeon | 100.0 | 100.0 |  -nan |  -nan | 100.0 |  93.5
               +-------+-------+-------+-------+-------+----------------------
